 Dungeon Crawl Stone Soup version 0.28.0-53-g5a82cb258f (webtiles) character file.

Game seed: 9090643468492847223

68 LustLizard the Chopper (level 4, -3/41 HPs)
             Began as a Hill Orc Monk on Aug 3, 2022.
             Slain by an orc priest
             ... wielding a +0 whip
              (4 damage)
             ... on level 3 of the Dungeon.
             The game lasted 00:03:44 (2139 turns).

LustLizard the Chopper (Hill Orc Monk)              Turns: 2139, Time: 00:03:44

Health: -3/41      AC:  8    Str: 15    XL:     4   Next: 19%
Magic:  4/4        EV:  6    Int: 10    God:
Gold:   74         SH:  0    Dex: 13    Spells: 3/3 levels left

rFire   . . .      SeeInvis .   a - +0 hand axe
rCold   . . .      Faith    .   (no shield)
rNeg    . . .      Spirit   .   f - +0 chain mail
rPois   .          Reflect  .   (no helmet)
rElec   .          Harm     .   (no cloak)
rCorr   .          Rampage  .   (no gloves)
Will    .....                   (no boots)
Stlth   ..........              (no amulet)
HPRegen 0.13/turn               (no ring)
MPRegen 0.09/turn               (no ring)

@: no status effects
A: no striking features
a: Convert to Beogh


You were on level 3 of the Dungeon.
You visited 1 branch of the dungeon, and saw 3 of its levels.

You collected 74 gold pieces.

Inventory:

Hand Weapons
 a - a +0 hand axe (weapon)
Missiles
 h - 4 poisoned darts (quivered)
 j - 52 stones
Armour
 b - a +0 robe
 c - a +0 ring mail
 f - a +0 chain mail (worn)
Jewellery
 m - a +6 ring of dexterity
Scrolls
 d - 3 scrolls of identify {unknown}
 i - 3 scrolls of fog {unknown}
 k - a scroll of holy word {unknown}
 n - a scroll of noise {unknown}
Potions
 e - a potion of brilliance {unknown}
 g - 2 potions of heal wounds {unknown}
 l - a potion of curing {unknown}


   Skills:
 + Level 4.3 Fighting
 * Level 5.5 Axes
 * Level 1.2 Throwing
 - Level 2.4 Dodging
 - Level 1.5 Stealth


You had 3 spell levels left.
You didn't know any spells.
Your spell library was empty.

Dungeon Overview and Level Annotations

Branches:
Dungeon (3/15)

Altars:
Elyvilon


Message History

You closely miss the orc priest.
The orc priest is moderately wounded.
You hit the orc. You hit the orc priest.
The orc priest hits you but does no damage.
The orc priest closely misses you. The orc hits you with a +0 dagger.
* * * LOW HITPOINT WARNING * * *
The orc priest shouts, "Surrender to Beogh and we'll let you live!"
The orc priest shouts, "Beogh is our master!
Accept the truth or die!"
You hit the orc priest.
The orc priest is heavily wounded.
You hit the orc priest. You hit the orc.
The orc priest hits you but does no damage. x2
The orc hits you with a +0 dagger.
* * * LOW HITPOINT WARNING * * *
You barely miss the orc priest.
The orc priest is heavily wounded.
The orc priest shouts, "Beogh is our master!
Accept the truth or die!"
You hit the orc priest but do no damage.
The orc priest shouts, "Beogh is our master!
Accept the truth or die!"
You hit the orc but do no damage.
The orc priest shouts, "Surrender to Beogh and we'll let you live!"
A jackal comes into view.
The orc priest hits you but does no damage.
The orc priest calls down the wrath of Beogh upon you.
Beogh smites you!
* * * LOW HITPOINT WARNING * * *
The orc barely misses you.
The orc priest shouts, "Join the one true god or die!"
You hit the orc priest.
The orc priest is severely wounded.
You hit the orc but do no damage. You barely miss the orc priest.
The orc priest hits you but does no damage.
The orc priest casts a cantrip, but nothing happens.
The orc hits you but does no damage.
The orc priest shouts, "Join the one true god or die!"
You completely miss the orc priest.
The orc priest is severely wounded.
You completely miss the orc. You closely miss the orc priest.
The orc priest hits you with a +0 whip.
You die...

#....##.....# #.
#....##.....#####.
#....##.........#.
#....####.......##
#####....####.......##
.........'............
..#.....#############
#.....# . #o@#### #
#oo# # #SS# .### #Jo#
....


oSh# .### ..hb# ...h# .....# You could see 2 orc priests, an orc wizard, an
adder, 2 orcs, an endoplasm, 3 jackals, a bat and 2 ball pythons.

Vanquished Creatures
  An ufetubus (D:2)
  An adder skeleton (D:2)
  2 dart slugs (D:1)
  6 ball pythons
  8 endoplasms
  A giant cockroach (D:2)
  5 goblins
  5 hobgoblins
  3 kobolds
  4 quokkas
  8 bats
  2 frilled lizards (D:1)
  3 rats (D:1)
49 creatures vanquished.

Notes
Turn   | Place    | Note
-------+----------+-------------------------------------------
     0 | D:1      | LustLizard the Hill Orc Monk began the quest for the Orb.
     0 | D:1      | Reached XP level 1. HP: 19/19 MP: 1/1
   126 | D:1      | Reached XP level 2. HP: 20/27 MP: 2/2
   328 | D:1      | Reached skill level 5 in Axes
   360 | D:1      | Reached XP level 3. HP: 19/33 MP: 3/3
  1398 | D:2      | Found a white marble altar of Elyvilon.
  1416 | D:2      | Reached skill level 1 in Throwing
  1691 | D:2      | Reached XP level 4. HP: 32/40 MP: 4/4
  2137 | D:3      | HP: 1/41 [orc priest/divine providence (8)]
  2139 | D:3      | Slain by an orc priest

Illustrated notes

Levels and vault maps discovered:
D:1:      dpeg_cavernosity, layout_basic
D:2:      layout_basic, basic_altar, minmay_misc_feat_five,
          grunt_decor_junction, mrwooster_statue_mirror
D:3:      layout_basic, uniq_crazy_yiuf_cottage

Skill      XL: |  1  2  3 |
---------------+----------+-----
Fighting       | 4 |  4.3
Axes           | 5 |  5.5
Throwing       | 1 |  1.2
Dodging        | |  2.4
Stealth        | |  1.5

Action                   |  1- 3 |  4- 6 || total
-------------------------+-------+-------++-------
Melee: Hand axe          |   128 |    42 ||   170
       Punch             |     1 |       ||     1
Armor: Ring mail         |    33 |       ||    33
       Chain mail        |    52 |    40 ||    92
Dodge: Dodged            |    72 |    21 ||    93
